 Dungeon Crawl Stone Soup version 0.30-a0-939-gc8157cb160 (webtiles) character file.

Game seed: 2042763464232880208

70 NotreDorf the Slasher (level 4, -1/37 HPs)
             Began as a Merfolk Berserker on Mar 25, 2023.
             Was a Believer of Trog.
             Slain by a gnoll
             ... wielding a +0 flail
              (9 damage)
             ... on level 2 of the Dungeon.
             The game lasted 00:04:35 (915 turns).

NotreDorf the Slasher (Merfolk Berserker)            Turns: 915, Time: 00:04:35

Health: -1/37      AC:  7    Str: 19    XL:     4   Next: 22%
Magic:  4/4        EV: 12    Int:  6    God:    Trog [**....]
Gold:   70         SH:  4    Dex: 13    Spells: 3/3 levels left

rFire   . . .      SeeInvis .    a - +0 falchion
rCold   . . .      Faith    .    i - +0 buckler
rNeg    . . .      Spirit   .    b - +0 animal skin
rPois   .          Reflect  .    (no helmet)
rElec   .          Rampage  .    (no cloak)
rCorr   .                        (no gloves)
Will    .....                    l - +0 pair of boots
Stlth   +                        (no amulet)
HPRegen 0.26/turn                h - +4 ring of protection
MPRegen 0.09/turn                (no ring)

@: no status effects
A: (nimble swimmer 2), mertail
a: Renounce Religion, Berserk, Trog's Hand


You were on level 2 of the Dungeon.
You worshipped Trog.
Trog was pleased with you.
You visited 1 branch of the dungeon, and saw 2 of its levels.

You collected 70 gold pieces.

Inventory:

Hand Weapons
 a - a +0 falchion (weapon)
Missiles
 j - 2 silver boomerangs (quivered)
Armour
 b - a +0 animal skin (worn)
 i - a +0 buckler (worn)
 l - a +0 pair of boots (worn)
Jewellery
 c - an amulet of the acrobat
 h - a +4 ring of protection (left hand)
Scrolls
 e - a scroll of blinking {unknown}
 f - a scroll of identify {unknown}
 g - 3 scrolls of vulnerability {unknown}
 k - a scroll of immolation {unknown}
Potions
 d - a potion of invisibility {unknown}


   Skills:
 + Level 3.8 Fighting
 + Level 4.2 Long Blades
 - Level 1.3 Armour
 + Level 3.5 Dodging
 + Level 1.2 Shields
 + Level 1.5 Unarmed Combat


You had 3 spell levels left.
You didn't know any spells.
Your spell library was empty.

Dungeon Overview and Level Annotations

Branches:
Dungeon (2/15)

Altars:

Shops:
D:2 *


Innate Abilities, Weirdness & Mutations

((You are very nimble when in or above water. (Stealth+, EV+, Speed+++)))
Your lower body shifts to a powerful aquatic tail in water.


Message History

The goblin hits you with a +0 dagger. The ball python bites you.
The ball python constricts you.
You barely miss the ball python. The ball python bites you.
The ball python constricts you. You block the goblin's attack.
You hit the ball python.
The ball python is severely wounded.
You block the ball python's attack. The ball python constricts you.
The goblin hits you but does no damage. The ball python barely misses you.
The ball python constricts you.
You closely miss the ball python.
The ball python is severely wounded.
The goblin hits you but does no damage. You block the ball python's attack.
The ball python constricts you. The goblin hits you but does no damage.
You closely miss the ball python.
The ball python is severely wounded.
The ball python bites you. The ball python constricts you.
You block the goblin's attack.
You closely miss the ball python.
The ball python is severely wounded.
The ball python bites you but does no damage.
The ball python constricts you. The goblin hits you with a +0 dagger.
The ball python bites you but does no damage.
The ball python constricts you.
You hit the ball python.
You kill the ball python!
Trog accepts your kill. The goblin barely misses you.
You hit the goblin.
You kill the goblin!
Trog accepts your kill. You block the gnoll's attack.
You closely miss the gnoll. The gnoll hits you with a +0 flail!
* * * LOW HITPOINT WARNING * * *
You hit the gnoll.
The gnoll is lightly wounded.
The gnoll closely misses you.
You completely miss the gnoll.
The gnoll is lightly wounded.
The gnoll hits you with a +0 flail!
You die...

#.#'####.#
#....
##.+∩'.##.#
#####
#..#+#.##.#
#....#...#.###
#.......###..
#(######.#.#
##)# ###.#
##)@.#
####.g)####
#.........#
#.##...##.#
#..........#
(..........)#
.............#
.#............#
#.............


You could see a gnoll.

Vanquished Creatures
  3 gnolls (D:2)
  2 worms (D:2)
  A dart slug (D:2)
  4 ball pythons
  An endoplasm (D:2)
  A giant cockroach (D:1)
  5 goblins
  2 hobgoblins (D:1)
  5 bats
  4 frilled lizards
  4 kobolds
  4 rats
36 creatures vanquished.

Notes
Turn   | Place    | Note
-------+----------+-------------------------------------------
     0 | D:1      | NotreDorf the Merfolk Berserker began the quest for the
                  | Orb.
     0 | D:1      | Reached XP level 1. HP: 18/18 MP: 1/1
   261 | D:1      | Reached XP level 2. HP: 24/24 MP: 2/2
   540 | D:1      | Reached skill level 1 in Unarmed Combat
   660 | D:2      | Reached XP level 3. HP: 27/27 MP: 3/3
   703 | D:2      | Reached skill level 4 in Long Blades
   837 | D:2      | Reached ** piety under Trog
   838 | D:2      | Reached skill level 1 in Shields
   855 | D:2      | Found Rek Foy's Assorted Antiques.
   896 | D:2      | Reached XP level 4. HP: 28/37 MP: 4/4
   915 | D:2      | Slain by a gnoll

Illustrated notes

Levels and vault maps discovered:
D:1:      zelgadis_glass_arrival_small, layout_basic, minmay_split_cup_small
D:2:      layout_loops_ring, serial_shops, nicolae_shop_behind_doors

Skill      XL: |  1  2  3 |
---------------+----------+-----
Dodging        | 3 |  3.5
Unarmed Combat | 1 |  1.5
Long Blades    | 4 |  4.2
Shields        | 1 |  1.2
Fighting       | |  3.8
Armour         | |  1.3

Action                     |  1- 3 |  4- 6 || total
---------------------------+-------+-------++-------
  Melee: Falchion          |   121 |    17 ||   138
   Stab: Sleeping          |     1 |       ||     1
 Armour: Animal skin       |    40 |     9 ||    49
  Dodge: Dodged            |    71 |     9 ||    80
  Block: Buckler           |    22 |     7 ||    29

Table legend: (Time is in decaauts)
 A = Elapsed time spent in this place.
 B = Non-inter-level travel time spent in this place.
 C = Inter-level travel time spent in this place.
 D = Time resting spent in this place.
 E = Time spent auto-exploring this place.
 F = Levels seen in this place.
 G = Mean time per level.
                   A        B        C        D        E       F      G
               +--------+--------+--------+--------+--------+-----+--------+
         Total |    933 |    902 |     31 |      0 |    565 |   2 |  466.5 |
       Dungeon |    933 |    902 |     31 |      0 |    565 |   2 |  466.5 |
               +--------+--------+--------+--------+--------+-----+--------+

Top non-repeatable levels by time:
     D:1: 607 daAuts
     D:2: 326 daAuts
